 Dungeon Crawl Stone Soup version 0.31-a0-8-gd14b0f4ee2 (webtiles) character file.

Game seed: 5886314152155475469

18 Kuronicle the Insei (level 2, -2/24 HPs)
             Began as a Human Monk on May 6, 2023.
             Slain by Terence
             ... wielding a +0 flail
              (13 damage)
             ... on level 2 of the Dungeon.
             The game lasted 00:02:25 (910 turns).

Kuronicle the Insei (Human Monk)                     Turns: 910, Time: 00:02:26

Health: -2/24      AC:  2    Str: 11    XL:     2   Next: 85%
Magic:  2/2        EV: 13    Int: 10    God:
Gold:   27         SH:  0    Dex: 15    Spells: 1/1 levels left

rFire   . .          .
                       - Unarmed
rCold   . . .        (no shield)
rNeg    . . .        a - +0 robe
rPois   .            (no helmet)
rElec   .            (no cloak)
rCorr   .            (no gloves)
SInv    .            (no boots)
Will    .....        (no amulet)
Stlth   ++           (no ring)
HPRegen 0.24/turn    (no ring)
MPRegen 0.08/turn

%: no passive effects
@: no status effects
A: no striking features
a: no special abilities


You were on level 2 of the Dungeon.
You visited 1 branch of the dungeon, and saw 2 of its levels.

You collected 27 gold pieces.

Inventory:

Hand Weapons
 i - a +0 dagger
Armour
 a - a +0 robe (worn)
 c - an orb of light
Scrolls
 d - a scroll of identify {unknown}
 g - a scroll of teleportation {unknown}
 h - a scroll of immolation {unknown}
Potions
 e - a potion of curing {unknown}
 f - a potion of flight {unknown}


   Skills:
 - Level 3.2 Fighting
 - Level 0.4 Armour
 - Level 3.1 Dodging
 * Level 0.5 Stealth
 - Level 3.2 Unarmed Combat


You had one spell level left.
You didn't know any spells.
Your spell library was empty.

Dungeon Overview and Level Annotations

Branches:
Dungeon (2/15)

Altars:

Annotations:
D:2 Terence


Message History

There is a stone staircase leading down here.
You climb downwards.
Found a scroll labelled KELIS OSUOWEN.
There is a stone staircase leading up here.
Terence shouts!
Terence completely misses you.
You hit Terence but do no damage.
Terence drinks a potion.
Terence seems to speed up.
You hit Terence but do no damage. Terence barely misses you.
You hit Terence but do no damage. Terence hits you with a +0 flail!
You barely miss Terence. Terence hits you with a +0 flail!
Terence barely misses you.
You barely miss Terence. Terence hits you with a +0 flail.
You hit Terence but do no damage. Terence barely misses you. x2
You hit Terence but do no damage. Terence misses you.
You closely miss Terence. Terence closely misses you. Terence misses you.
You barely miss Terence. Terence closely misses you.
You hit Terence but do no damage. Terence closely misses you. x2
You are confused.
You feel invigorated. Terence barely misses you.
You barely miss Terence. Terence closely misses you.
Terence hits you with a +0 flail!
You bump into the rock wall.
Terence barely misses you. Terence misses you.
Terence screams, "I'm going to kill you!"
Terence hits you with a +0 flail!
You're too confused to move!
Terence closely misses you.
Terence screams, "I'm going to kill you!"
Terence hits you with a +0 flail. Terence barely misses you.
You hit Terence but do no damage. Terence barely misses you.
You miss Terence. Terence hits you with a +0 flail! x2
* * * LOW HITPOINT WARNING * * *
You bump into the rock wall.
Terence completely misses you.
You're too confused to move!
You feel less invigorated.
You feel less confused. Terence barely misses you.
Terence hits you with a +0 flail.
You hit Terence but do no damage.
Terence is no longer moving quickly.
Terence hits you with a +0 flail!
Ouch! That really hurt!
You die...

#########
##<......#
#@..?###.#
#@##.# #.#
... #.#
.... #.#
..... #..
.... ###
#..#


You could see Terence.

Vanquished Creatures
  3 ball pythons (D:1)
  3 endoplasms (D:1)
  A goblin (D:1)
  A hobgoblin (D:1)
  A kobold (D:1)
  A quokka (D:1)
  2 bats (D:1)
  A frilled lizard (D:1)
  3 rats (D:1)
16 creatures vanquished.

Notes
Turn   | Place    | Note
-------+----------+-------------------------------------------
     0 | D:1      | Kuronicle the Human Monk began the quest for the Orb.
     0 | D:1      | Reached XP level 1. HP: 18/18 MP: 1/1
    53 | D:1      | Found a faded altar of an unknown god.
   226 | D:1      | Reached XP level 2. HP: 21/24 MP: 2/2
   887 | D:2      | Noticed Terence
   910 | D:2      | Slain by Terence

Illustrated notes

Levels and vault maps discovered:
D:1:      lightli_arrival_flooded_house, layout_basic, serial_forest,
          infiniplex_forest_end_2, infiniplex_forest_straight_2,
          infiniplex_forest_lined_2, infiniplex_forest_clump_small,
          infiniplex_forest_straight_3, infiniplex_forest_straight_2,
          infiniplex_forest_clump_medium,
          chequers_ecumenical_altar_simple_redux, st_stairs_14
D:2:      layout_basic, basic_altar, minmay_3d_cube, uniq_terence

Action                     || total
---------------------------++-------
  Melee: Unarmed           ||    69
         Punch             ||     1
    Use: Potion            ||     1
   Stab: Sleeping          ||     1
 Armour: Robe              ||     9
  Dodge: Dodged            ||    71

Table legend: (Time is in decaauts)
 A = Elapsed time spent in this place.
 B = Non-inter-level travel time spent in this place.
 C = Inter-level travel time spent in this place.
 D = Time resting spent in this place.
 E = Time spent auto-exploring this place.
 F = Levels seen in this place.
 G = Mean time per level.
                   A        B        C        D        E       F      G
               +--------+--------+--------+--------+--------+-----+--------+
         Total |    907 |    856 |     51 |      0 |    641 |   2 |  453.5 |
       Dungeon |    907 |    856 |     51 |      0 |    641 |   2 |  453.5 |
               +--------+--------+--------+--------+--------+-----+--------+

Top non-repeatable levels by time:
     D:1: 884 daAuts
     D:2: 22 daAuts
